Map: Traitor's Exile

Players

FlyingNimbus - Winner!

  • Race: Protoss Protoss
  • Spawn Location: 12:00

Snowdrop - Winner!

  • Race: Zerg Zerg
  • Spawn Location: 9:00

MonstroTown

  • Race: Terran Terran
  • Spawn Location: 6:00

Michael

  • Race: Zerg Zerg
  • League: Platinum
  • Spawn Location: 5:00

VOD

Have the link to the VOD?

Description

Time

  • Played on: Oct. 12, 2018, 7:21 p.m.
  • Length: 8:19
Show
View Real Time Build Order
Export as new Build Order

FlyingNimbus Protoss - Winner!

Build Orders:  

Get SALT Encoding   

  12  0:01  Probe  
  13  0:13  Probe  
  14  0:19  Pylon  
  14  0:25  Probe  
  15  0:38  Gateway  
  15  0:42  Probe  
  16  0:53  Assimilator  
  16  0:54  Probe  
  17  1:10  Pylon  
  17  1:13  Probe  
  18  1:25  Probe  
  19  1:31  Zealot  
  21  1:35  Cybernetics Core  
  21  1:37  Probe  
  22  1:55  Warp Gate  
  22  1:58  Probe  
  23  2:12  Probe  
  24  2:19  Gateway  
  24  2:22  Stalker, Gateway  
  26  2:23  Gateway  
  26  2:50  Stalker  
  28  3:05  Pylon  
  24  4:03  Stalker  
  24  4:07  Stalker x2  
  24  4:08  Stalker  
  32  4:36  Stalker x3  
  38  4:52  Pylon  
  38  5:07  Pylon  
  38  5:11  Stalker x2  
  38  5:13  Zealot x2  
  46  5:17  Probe  
  46  5:18  Assimilator  
  46  5:20  Nexus  
  47  5:23  Pylon  
  47  5:30  Probe  
  48  5:44  Zealot x2  
  48  5:45  Zealot x2  
  56  5:54  Robotics Facility  
  48  6:17  Stalker x2  
  48  6:18  Stalker  
  48  6:31  Warp Prism  
  48  6:36  Stalker  
  52  7:07  Zealot x2  
  52  7:08  Zealot x2  
  60  7:15  Observer  
  57  7:36  Stalker x2  
  57  7:37  Stalker x2  
  59  8:02  Zealot  
  59  8:03  Zealot  
  59  8:04  Zealot  
  59  8:05  Zealot  
Show
View Real Time Build Order
Export as new Build Order

Snowdrop Zerg - Winner!

Build Orders: Pool First 

Get SALT Encoding   

  12  0:01  Drone  
  13  0:08  Drone  
  14  0:18  Extractor, Drone  
  14  0:35  Spawning Pool  
  13  0:36  Drone  
  14  0:47  Extractor  
  14  0:48  Drone  
  15  0:52  Overlord  
  15  1:22  Zergling x2  
  15  1:23  Zergling x4  
  18  1:25  Metabolic Boost  
  18  1:29  Queen  
  20  1:40  Drone  
  21  1:57  Zergling x2  
  21  1:58  Overlord  
  22  2:27  Zergling x2  
  22  2:28  Zergling x4  
  25  2:51  Roach Warren  
  25  2:53  Drone x4  
  25  2:57  Hatchery  
  27  3:22  Zergling x2  
  27  3:23  Zergling x6  
  24  3:35  Zergling x2  
  25  3:46  Queen  
  26  4:02  Zergling x2  
  26  4:03  Zergling x6  
  29  4:15  Zergling x4  
  30  4:20  Zergling x4  
  29  4:34  Zergling x8  
  32  4:47  Queen  
  34  4:53  Drone x2  
  34  4:55  Overlord x4  
  31  5:14  Zergling x2  
  31  5:15  Zergling x6  
  35  5:22  Queen  
  35  5:28  Zergling x2  
  37  5:29  Zergling x4  
  37  5:42  Zergling x2  
  36  5:43  Zergling x6  
  36  5:48  Zergling x2  
  40  5:50  Lair  
  36  6:01  Zergling x2  
  36  6:02  Zergling x12  
  42  6:10  Zergling x6  
  44  6:23  Roach x2  
  43  6:44  Roach x5  
  43  6:46  Drone  
  53  6:51  Glial Reconstitution  
  53  6:55  Overseer  
  53  6:59  Pneumatized Carapace  
  53  7:08  Overlord  
  47  7:35  Roach  
  47  7:36  Roach x6  
  59  7:45  Roach x2  
Show
View Real Time Build Order
Export as new Build Order

MonstroTown Terran 

Build Orders:  

Get SALT Encoding   

  12  0:01  SCV  
  13  0:13  SCV  
  14  0:18  Supply Depot  
  14  0:25  SCV  
  15  0:40  SCV  
  15  0:41  Barracks  
  16  0:51  Refinery  
  16  0:52  SCV  
  17  1:07  SCV, Barracks  
  18  1:19  SCV  
  19  1:35  Orbital Command  
  19  1:36  Reaper  
  20  1:59  Reaper  
  21  2:03  SCV  
  22  2:10  Supply Depot, Refinery  
  22  2:13  Reaper  
  22  2:25  SCV  
  23  2:33  Reaper  
  24  2:42  Command Center  
  24  2:48  Reaper  
  25  3:26  Factory  
  25  3:51  SCV  
  25  3:59  Reaper x2  
  27  4:03  SCV  
  27  4:04  Orbital Command  
  28  4:10  Factory, Barracks x2  
  28  4:15  SCV, Factory Tech Lab  
  29  4:21  Starport  
  29  4:32  Orbital Command  
  29  4:34  Reaper  
  27  4:48  Barracks Tech Lab  
  26  4:54  Engineering Bay x2, SCV  
  27  5:01  Siege Tank  
  27  5:06  SCV  
  30  5:16  Marauder, Marine x3  
  34  5:34  Marine x3  
  37  5:42  Marine  
  37  5:44  Siege Tank  
  37  5:46  SCV x2  
  42  5:51  Marine  
  43  5:58  SCV  
  41  6:10  Marine x2  
  38  6:12  Factory Reactor  
  38  6:17  Barracks  
  38  6:21  Marine x2  
  40  6:28  Marine x2  
  42  6:34  SCV x2  
  42  6:39  Marine  
  45  6:46  Marine  
  46  6:49  Supply Depot  
  46  6:50  Widow Mine, SCV, Supply Depot, Marauder, Marine  
  52  6:57  Marine  
  52  6:58  SCV  
  54  7:07  Starport Reactor  
  54  7:10  Marine x2  
  54  7:11  SCV x2, Marine  
  54  7:12  Siege Tank  
  54  7:15  Marine  
  63  7:28  Marine  
  42  7:38  Marine  
  40  7:46  Barracks  
  27  8:00  Marine x3  
Show
View Real Time Build Order
Export as new Build Order

Michael Zerg 

Build Orders: Pool First 

Get SALT Encoding   

  12  0:01  Drone  
  13  0:13  Overlord  
  13  0:18  Drone  
  14  0:31  Drone x2  
  14  0:35  Drone  
  17  0:40  Extractor  
  16  0:45  Drone  
  17  0:54  Spawning Pool  
  16  0:57  Drone  
  17  1:07  Drone  
  18  1:25  Hatchery  
  18  1:27  Drone  
  18  1:40  Queen  
  18  1:42  Zergling x2  
  18  1:46  Zergling x2  
  22  1:58  Spine Crawler  
  22  1:59  Zergling x2  
  22  2:02  Zergling x2  
  22  2:13  Overlord  
  22  2:31  Metabolic Boost, Queen  
  24  2:52  Queen  
  24  2:57  Drone  
  24  2:58  Spine Crawler  
  26  3:01  Drone  
  27  3:06  Drone  
  27  3:18  Zergling x6  
  26  3:39  Drone  
  26  3:40  Drone x4  
  26  3:41  Drone  
  32  3:44  Drone  
  33  3:53  Zergling x4  
  35  3:59  Zergling x2  
  36  4:03  Overlord  
  36  4:11  Overlord  
  33  4:34  Drone  
  33  4:35  Drone x7  
  41  4:44  Spine Crawler  
  38  4:47  Zergling x4  
  38  4:48  Zergling x2  
  38  4:49  Roach Warren  
  38  4:51  Zergling x2  
  40  4:54  Zergling x2  
  41  5:01  Spine Crawler  
  35  5:10  Zergling x4  
  35  5:11  Zergling x8  
  35  5:27  Spine Crawler  
  32  5:29  Roach x2, Spine Crawler  
  32  5:31  Roach  
  27  5:44  Roach x2  
  25  5:53  Roach  
  23  6:17  Roach x2  
  25  6:19  Roach  
  25  6:24  Zergling x2  
  18  6:46  Roach  
  17  6:59  Spawning Pool  
  16  7:04  Drone x5  
  16  7:05  Evolution Chamber  
  20  7:11  Drone  
  21  7:45  Drone x2  
  21  7:46  Drone x3  
  26  7:53  Hatchery, Zergling x2  
  26  8:06  Spine Crawler  
Tags
 
Add a new tag
Caveats
  • Supply blocks, unpowered buildings, or Contaminate may cause inaccurate times.
  • Supply counts are checked every 10 seconds.